 Dungeon Crawl Stone Soup version 0.31.0-32-g396128a36d (webtiles) character file.

Game seed: 13968288065592027898

30991 ToeCheese the Dancer (level 13, -4/103 HPs)
             Began as a Demonspawn Fighter on Mar 18, 2024.
             Was a Follower of Uskayaw.
             Slain by a wyvern (8 damage)
             ... on level 4 of the Lair of Beasts.
             The game lasted 00:20:38 (13244 turns).

ToeCheese the Dancer (Demonspawn Fighter)          Turns: 13244, Time: 00:20:38

Health: -4/103     AC: 14    Str: 17    XL:     13   Next: 23%
Magic:  24/24      EV: 16    Int: 11    God:    Uskayaw [*.....]
Gold:   330        SH:  5    Dex: 14    Spells: 12/12 levels left

rFire   . . .        z - +6 trident (flame)
rCold   . . .        c - +0 buckler
rNeg    + . .        S - +0 acid dragon scales
rPois   +            (helmet unavailable)
rElec   .            K - +2 ratskin cloak {*Rats rPois rN+ Str-1 Int-1 Dex+1}
rCorr   +            o - +0 pair of gloves
SInv    +            (no boots)
Will    .....        (no amulet)
Stlth   +            Y - +4 ring of slaying
HPRegen 0.37/turn    T - +4 ring of protection
MPRegen 0.19/turn

%: no passive effects
@: no status effects
A: antennae 3, repulsion field 2, ignite blood 2, powered by pain 2
a: Renounce Religion, Stomp


You were on level 4 of the Lair of Beasts.
You worshipped Uskayaw.
Uskayaw was pleased with you.
You visited 3 branches of the dungeon, and saw 17 of its levels.
You also visited: Ossuary.

You collected 830 gold pieces.
You spent 500 gold pieces at shops.


Innate Abilities, Weirdness & Mutations

You have a pair of large antennae on your head. (SInv)
You are surrounded by a moderate repulsion field. (EV +3)
Your demonic aura often causes spilled blood to erupt in flames.
You sometimes gain power by taking damage.


   Skills:
 - Level 10.0 Fighting
 + Level 13.4 Polearms
 - Level 2.6 Armour
 - Level 5.0 Dodging
 - Level 6.0 Shields
 - Level 15.0 Invocations
 - Level 5.0 Evocations


You had 12 spell levels left.
You didn't know any spells.
Your spell library contained the following spells:

 Spells                   Type           Power      Damage    Failure   Level
 Foxfire                  Conj/Fire      0%         2x1d4     52%         1
 Magic Dart               Conj           0%         1d3       52%         1
 Sandblast                Erth           0%         2d4       52%         1
 Ensorcelled Hibernation  Hex/Ice        0%         N/A       65%         2
 Lesser Beckoning         Tloc           0%         N/A       65%         2
 Scorch                   Fire           0%         2d5       65%         2
 Searing Ray              Conj           0%         2d4       65%         2
 Dazzling Flash           Conj/Hex       0%         N/A       87%         3
 Fugue of the Fallen      Necr           0%         N/A       87%         3
 Gell's Gravitas          Tloc           0%         N/A       87%         3
 Ozocubu's Armour         Ice            0%         N/A       87%         3
 Passwall                 Erth           0%         N/A       87%         3
 Stone Arrow              Conj/Erth      0%         3d7       87%         3
 Teleport Other           Tloc           0%         N/A       87%         3
 Volatile Blastmotes      Fire/Tloc      0%         2d10      87%         3
 Anguish                  Hex/Necr       0%         N/A       99%         4
 Brom's Barrelling Bould  Conj/Erth      0%         2d3       99%         4
 Flame Wave               Conj/Fire      0%         2d4       99%         4
 Fulminant Prism          Conj/Alch      0%         3d5       99%         4
 Manifold Assault         Tloc           0%         N/A       99%         4
 Iskenderun's Battlesphe  Conj           0%         2d6       100%        5
 Bombard                  Conj/Erth      0%         9d1       100%        6
 Plasma Beam              Fire/Air       0%         2x1d10    100%        6
 Starburst                Conj/Fire      0%         6d3       100%        6
 Summon Cactus Giant      Summ           0%         N/A       100%        6
 Spellforged Servitor     Conj/Summ      0%         N/A       100%        7
 Maxwell's Capacitive Co  Air            0%         ∞         100%        8

Inventory:

Hand Weapons
 z - a +6 trident of flaming (weapon)
Missiles
 V - a throwing net {=f}
Armour
 c - a +0 buckler (worn)
 o - a +0 pair of gloves (worn)
 K - the +2 ratskin cloak (worn) {*Rats rPois rN+ Str-1 Int-1 Dex+1}
   (You found it on level 10 of the Dungeon)

   *Rats:     When the wearer is hurt, rats may emerge from it to assist them.
   Str-1:     It affects your strength (-1).
   Int-1:     It affects your intelligence (-1).
   Dex+1:     It affects your dexterity (+1).
   rPois:     It protects you from poison rN+: It protects you from negative
   energy.
 S - +0 acid dragon scales (worn)
Jewellery
 E - a +5 ring of evasion
 O - the ring "Aleess" {rN+ Will+}
   (You bought it in a shop on level 11 of the Dungeon)

   [ring of willpower]

   rN+:       It protects you from negative energy.
   Will+:     It increases your willpower.
 R - a ring of resist corrosion
 T - a +4 ring of protection (right hand)
 Y - a +4 ring of slaying (left hand)
Wands
 n - a wand of iceblast (21)
 y - a wand of acid (5)
 J - a wand of flame (6)
 P - a wand of polymorph (8)
Scrolls
 a - 3 scrolls of poison
 f - 3 scrolls of immolation {unknown}
 h - 5 scrolls of enchant weapon {unknown}
 k - 2 scrolls of brand weapon
 p - 2 scrolls of blinking
 q - 3 scrolls of revelation
 r - 12 scrolls of teleportation {@r2}
 x - 3 scrolls of fog
 A - a scroll of butterflies
 D - 10 scrolls of noise
 F - 5 scrolls of enchant armour
 G - a scroll of acquirement
 H - a scroll of silence {!r}
 I - 2 scrolls of fear
 L - 2 scrolls of vulnerability {unknown}
 Q - a scroll of amnesia {unknown}
 U - a scroll of identify {@r1}
Potions
 d - 3 potions of might
 e - 5 potions of heal wounds {@q2}
 g - a potion of mutation
 j - 4 potions of brilliance
 l - 4 potions of lignification
 m - 3 potions of curing {@q1}
 s - 7 potions of magic
 u - 4 potions of invisibility
 v - a potion of haste {@q3}
 w - 2 potions of ambrosia
 B - 3 potions of enlightenment
 C - 5 potions of attraction
 M - a potion of berserk rage {!q}

Dungeon Overview and Level Annotations

Branches:
Dungeon (12/15)            Temple (1/1) D:5            Lair (4/5) D:8
 Shoals (0/4) Lair:3       Spider (0/4) Lair:2          Orc (0/2) D:10
Ossuary (visited)
  Slime: Lair:4-5

Altars:
Ashenzari
Cheibriados
Dithmenos
Fedhas
Gozag
Hepliaklqana
Kikubaaqudgha
Makhleb
Nemelex Xobeh
Okawaru
Qazlal
Ru
Sif Muna
Trog
Uskayaw
Vehumet
Wu Jian
Xom
Yredelemnul

Shops:
D:11

?*?: #### #
.#.#.###F.#PY###
.......@k....Y..
......§........Y
.........YY...YY
................
................
..(.............
................
...........[....


You could see a blink frog, a wyvern and 5 dream sheep.


Message History

The rime drake bites you but does no damage.
The wyvern bites you!
* * * LOW HITPOINT WARNING * * *
The sentinel's mark upon you fades away.
The wyvern bites you!
* * * LOW HITPOINT WARNING * * *
The blink frog blinks!
The wyvern attacks as it pursues you! The wyvern misses you.
The blink frog is engulfed in blazing flames.
The blink frog attacks as it pursues you!
You block the blink frog's attack. You block the wyvern's attack.
The ice encasing you melts away.
The blink frog blinks!
The blink frog hits you but does no damage.
The wyvern bites you.
* * * LOW HITPOINT WARNING * * *
There is a stone staircase leading down here.
The blink frog barely misses you.
The wyvern bites you but does no damage.
The blink frog blinks!
You climb downwards.
The dream sheep bleats! x5
Found 3 poisoned darts and a cloak.
There is a stone staircase leading up here.
The wyvern attacks as it pursues you! The wyvern bites you!
* * * LOW HITPOINT WARNING * * *
The blink frog closely misses you.
The wyvern is engulfed in blazing flames.
The wyvern bites you!
You die...

Skill      XL: |  1  2  3  4  5  6  7  8  9 10 11 12 13 |
---------------+----------------------------------------+-----
Fighting       | 4 5 6 8 10 | 10.0
Shields        | 3 4 5 6 |  6.0
Evocations     | 2 3 5 |  5.0
Polearms       | 2 4 6 8 10 12 13 | 13.4
Invocations    | 5 6 8 12 15 | 15.0
Dodging        | 5 |  5.0
Armour         | |  2.6

Action                     |  1- 3 |  4- 6 |  7- 9 | 10-12 | 13-15 || total
---------------------------+-------+-------+-------+-------+-------++-------
  Melee: Trident           |   149 |   199 |   254 |   589 |    42 ||  1233
    Use: Scroll            |       |     4 |     6 |    12 |       ||    22
         Potion            |       |       |       |       |     1 ||     1
   Stab: Paralysed         |       |       |     7 |    42 |       ||    49
 Armour: Scale mail        |    48 |   102 |    94 |    68 |       ||   312
         Acid dragon scale |       |       |       |    74 |    41 ||   115
  Dodge: Dodged            |    91 |   136 |   123 |   199 |    28 ||   577
  Block: Buckler           |    27 |    57 |    46 |    68 |    13 ||   211

Levels and vault maps discovered:
D:1:      roadster_arrival_rocket_small, layout_basic
D:2:      minmay_razor_zed, layout_basic, minmay_pentomino_pile
D:3:      layout_basic, hellmonk_ecumenical_altar_slurped_away
D:4:      layout_rooms, enter_ossuary_2, minmay_splitting_lines,
          solitary_fountain, minmay_ruined_shrine
D:5:      layout_basic, minmay_temple_entry_nine_rooms
D:6:      layout_rooms, grunt_ministairs_15
D:7:      layout_rooms, lemuel_crystal_altar, serial_aquarium,
          aquarium_bridge_straight [aquarium_subvault_bridge,
          aquarium_subvault_window, aquarium_subvault_bridge,
          aquarium_subvault_balcony], aquarium_window_1, aquarium_window_2,
          aquarium_window_1, aquarium_view_2c, aquarium_view_2c,
          aquarium_pool_four
D:8:      layout_rooms, due_lair_maze_entry_diamond
D:9:      layout_loops_cross
D:10:     layout_roguey, hiddenorc2_lemuel, enter_bailey_3,
          serial_library_hellmonk_secret_room
D:11:     layout_rooms, serial_shops, shop, nicolae_shop_just_a_little_nook,
          nicolae_shop_rolling_square, shop
D:12:     minmay_the_grid_octo_2x2 [minmay_the_grid_octo_tetromino_candy,
          minmay_the_grid_octo_pinwheel, minmay_the_grid_octo_empty,
          minmay_the_grid_octo_prize_square_snowflake], layout_loops_ring,
          portal_ice_cave_rime, serial_shops, nicolae_shop_bloodbath_and_beyond,
          shop, shop, nicolae_shop_back_alley_shop, gammafunk_ghost_icy,
          kennysheep_treasure_room
Temple:   roderic_octagonal_lattice_temple
Lair:1:   layout_chaotic_city, chequers_serial_rivers_micro_e,
          grunt_megastairs_3, lemuel_fruit_tree, uniq_harold, uniq_joseph
Lair:2:   layout_hall_layers, nicolae_spider_entry_orb_guardian,
          cheibrodos_lair_caveside_slide, uniq_gastronok
Lair:3:   layout_gridlike, elwin_shoals_entry_rocks,
          hangedman_lair_unloving_vines
Lair:4:   layout_big_grid

Notes
Turn   | Place    | Note
-------+----------+-------------------------------------------
     0 | D:1      | ToeCheese the Demonspawn Fighter began the quest for the
                  | Orb.
     0 | D:1      | Reached XP level 1. HP: 18/18 MP: 1/1
   103 | D:1      | Gained mutation: You are surrounded by a mild repulsion
                  | field. (EV +2) [demonic ancestry]
   103 | D:1      | Reached XP level 2. HP: 24/24 MP: 2/2
   516 | D:1      | Reached skill level 4 in Fighting
   709 | D:2      | Reached skill level 3 in Shields
   709 | D:2      | Gained mutation: You have a pair of small antennae on your
                  | head. [demonic ancestry]
   709 | D:2      | Reached XP level 3. HP: 30/30 MP: 3/3
  1228 | D:2      | Gained mutation: Your demonic aura sometimes causes spilled
                  | blood to erupt in flames. [demonic ancestry]
  1228 | D:2      | Reached XP level 4. HP: 37/37 MP: 4/4
  1560 | D:2      | Reached skill level 4 in Shields
  2322 | D:3      | Reached XP level 5. HP: 42/42 MP: 5/5
  2501 | D:3      | Noticed a phantom
  2513 | D:3      | Killed a phantom
  2514 | D:3      | Reached skill level 5 in Shields
  2801 | D:3      | Found a faded altar of an unknown god.
  3028 | D:4      | Noticed a centaur
  3042 | D:4      | Killed a centaur
  3043 | D:4      | Reached skill level 5 in Fighting
  3043 | D:4      | Reached XP level 6. HP: 41/51 MP: 6/6
  3096 | D:4      | Reached skill level 6 in Fighting
  3126 | D:4      | Reached skill level 1 in Evocations
  3277 | D:4      | Reached skill level 2 in Evocations
  3362 | D:4      | Reached skill level 2 in Polearms
  3362 | D:4      | Gained mutation: You have a pair of antennae on your head.
                  | [demonic ancestry]
  3362 | D:4      | Reached XP level 7. HP: 58/58 MP: 7/7
  3475 | D:4      | Found a basalt altar of Yredelemnul.
  3501 | D:4      | Found a sand-covered staircase.
  3506 | Ossuary  | Entered an ossuary
  3528 | Ossuary  | Reached skill level 3 in Polearms
  3528 | Ossuary  | Reached skill level 3 in Evocations
  3639 | Ossuary  | Reached skill level 4 in Polearms
  4079 | D:5      | Entered Level 5 of the Dungeon
  4313 | D:5      | Gained mutation: You are surrounded by a moderate repulsion
                  | field. (EV +3) [demonic ancestry]
  4313 | D:5      | Reached XP level 8. HP: 56/64 MP: 8/8
  4453 | D:5      | Reached skill level 5 in Polearms
  4461 | D:5      | Reached skill level 6 in Shields
  4559 | D:5      | Found a staircase to the Ecumenical Temple.
  4584 | Temple   | Entered the Ecumenical Temple
  4622 | Temple   | Became a worshipper of Uskayaw the Reveller
  5238 | D:6      | Reached * piety under Uskayaw
  5242 | D:6      | Reached ** piety under Uskayaw
  5243 | D:6      | Reached skill level 1 in Invocations
  5246 | D:6      | Reached *** piety under Uskayaw
  5248 | D:6      | Reached skill level 2 in Invocations
  5425 | D:6      | Reached skill level 3 in Invocations
  5430 | D:6      | Reached **** piety under Uskayaw
  5431 | D:6      | Reached skill level 6 in Polearms
  5598 | D:6      | Reached skill level 4 in Invocations
  5952 | D:7      | Found a stormy altar of Qazlal.
  6029 | D:7      | Reached skill level 5 in Invocations
  6029 | D:7      | Gained mutation: You sometimes gain a little power by
                  | taking damage. [demonic ancestry]
  6029 | D:7      | Reached XP level 9. HP: 30/69 MP: 11/13
  6046 | D:7      | Reached skill level 7 in Polearms
  6046 | D:7      | Reached skill level 6 in Invocations
  6734 | D:8      | Reached skill level 8 in Polearms
  6869 | D:8      | Reached skill level 7 in Fighting
  6910 | D:8      | Noticed a komodo dragon
  6923 | D:8      | Killed a komodo dragon
  6924 | D:8      | Reached skill level 8 in Fighting
  7157 | D:8      | Reached ***** piety under Uskayaw
  7164 | D:8      | Gained mutation: Your demonic aura often causes spilled
                  | blood to erupt in flames. [demonic ancestry]
  7164 | D:8      | Reached XP level 10. HP: 80/80 MP: 14/14
  7257 | D:8      | Found a staircase to the Lair.
  7329 | D:8      | Reached skill level 9 in Polearms
  7441 | D:8      | Identified the +4 hand axe of Ceajut {flame, Dex+7}
  7627 | D:9      | Reached skill level 10 in Polearms
  7797 | D:9      | Reached skill level 9 in Fighting
  8020 | D:9      | Reached skill level 7 in Invocations
  8244 | D:10     | Entered Level 10 of the Dungeon
  8268 | D:10     | Reached skill level 8 in Invocations
  8392 | D:10     | Noticed a two-headed ogre
  8401 | D:10     | Killed a two-headed ogre
  8402 | D:10     | Reached skill level 10 in Fighting
  8402 | D:10     | Gained mutation: You sometimes gain power by taking damage.
                  | [demonic ancestry]
  8402 | D:10     | Reached XP level 11. HP: 90/90 MP: 17/17
  8492 | D:10     | Found the +2 ratskin cloak {*Rats rPois rN+ Str-1 Int-1
                  | Dex+1}
  8554 | D:10     | Reached skill level 9 in Invocations
  8608 | D:10     | Found a staircase to the Orcish Mines.
  9216 | D:11     | Found Faceemurph's Magic Scroll Shop.
  9241 | D:11     | Reached skill level 1 in Dodging
  9432 | D:11     | Reached skill level 2 in Dodging
  9432 | D:11     | Reached skill level 10 in Invocations
  9453 | D:11     | Bought a scroll of identify for 28 gold pieces
  9453 | D:11     | Bought a scroll of identify for 28 gold pieces
  9453 | D:11     | Bought a scroll of identify for 28 gold pieces
  9453 | D:11     | Bought a scroll of identify for 28 gold pieces
  9453 | D:11     | Bought a scroll of teleportation for 42 gold pieces
  9453 | D:11     | Bought a scroll of identify for 28 gold pieces
  9453 | D:11     | Bought a scroll of identify for 28 gold pieces
  9455 | D:11     | Identified a scroll of acquirement
  9470 | D:11     | Found Wugi's Assorted Antiques.
  9524 | D:11     | Bought a transparent tin ring for 170 gold pieces
  9524 | D:11     | Identified the ring "Aleess" {rN+ Will+} (You bought it in
                  | a shop on level 11 of the Dungeon)
  9579 | D:11     | Reached skill level 3 in Dodging
  9710 | D:11     | Reached skill level 4 in Dodging
  9734 | D:11     | Reached skill level 5 in Dodging
  9736 | D:11     | Reached ****** piety under Uskayaw
  9767 | D:11     | Found Buxeyjev's Book Shop.
  9866 | D:11     | Found Lelya's Magic Scroll Emporium.
  9871 | D:11     | Bought a scroll of identify for 30 gold pieces
  9871 | D:11     | Bought a scroll of identify for 30 gold pieces
  9871 | D:11     | Bought a scroll of identify for 30 gold pieces
  9871 | D:11     | Bought a scroll of identify for 30 gold pieces
 10168 | D:12     | Reached skill level 4 in Evocations
 10190 | D:12     | Noticed a fire dragon
 10190 | D:12     | Noticed a six-headed hydra
 10190 | D:12     | Noticed a skeletal warrior
 10210 | D:12     | Noticed a centaur warrior
 10302 | Lair:1   | Entered Level 1 of the Lair of Beasts
 10345 | Lair:1   | Reached skill level 11 in Invocations
 10412 | Lair:1   | Noticed Harold
 10423 | Lair:1   | Killed Harold
 10424 | Lair:1   | Reached skill level 5 in Evocations
 10445 | Lair:1   | Reached skill level 12 in Invocations
 10448 | Lair:1   | Gained mutation: You have a pair of large antennae on your
                  | head. (SInv) [demonic ancestry]
 10448 | Lair:1   | Reached XP level 12. HP: 61/97 MP: 19/21
 10599 | Lair:1   | Reached skill level 13 in Invocations
 10751 | Lair:1   | Noticed Joseph
 10761 | Lair:1   | Killed Joseph
 11375 | Lair:2   | Reached skill level 14 in Invocations
 11400 | Lair:2   | Noticed Gastronok
 11435 | Lair:2   | Killed Gastronok
 11638 | Lair:2   | Reached skill level 15 in Invocations
 12157 | Lair:2   | Noticed a catoblepas
 12172 | Lair:2   | Reached skill level 11 in Polearms
 12182 | Lair:2   | Killed a catoblepas
 12374 | Lair:2   | Found a hole to the Spider Nest.
 12813 | Lair:3   | Reached skill level 12 in Polearms
 12995 | Lair:3   | Found a staircase to the Shoals.
 13047 | Lair:3   | Noticed a catoblepas
 13050 | Lair:3   | Noticed a death yak
 13050 | Lair:3   | Noticed a death yak
 13050 | Lair:3   | Noticed a death yak
 13052 | Lair:3   | Noticed a death yak
 13052 | Lair:3   | Noticed a death yak
 13054 | Lair:3   | Killed a catoblepas
 13055 | Lair:3   | Noticed a death yak
 13055 | Lair:3   | Noticed a boulder beetle
 13069 | Lair:3   | Killed a death yak
 13073 | Lair:3   | Killed a death yak
 13074 | Lair:3   | Reached XP level 13. HP: 93/103 MP: 24/24
 13081 | Lair:3   | Reached skill level 13 in Polearms
 13244 | Lair:4   | HP: 4/103 [wyvern (13)]
 13244 | Lair:4   | Slain by a wyvern

Vanquished Creatures
  Gastronok (Lair:2)
  Harold (Lair:1)
  2 catoblepae
  A boulder beetle (Lair:3)
  A two-headed ogre (D:10)
  6 death yaks (Lair:3)
  An orb spider (Lair:2)
  2 cyclopes
  A gargoyle (D:11)
  Joseph (Lair:1)
  4 cane toads (Lair:1)
  An unseen horror (D:11)
  6 komodo dragons
  2 kobold demonologists (D:11)
  A rime drake (Lair:2)
  2 trolls
  A polar bear (Lair:1)
  9 blink frogs (Lair:3)
  A wraith (D:11)
  A wyvern (Lair:3)
  2 fire bats (Lair:3)
  A basilisk (Lair:2)
  52 yaks
  6 vampire mosquitoes
  An acid dragon (D:12)
  6 water moccasins
  An ice beast (D:5)
  2 sky beasts
  7 orc warriors
  A black bear (D:8)
  4 centaurs
  7 wolves (Lair:2)
  3 phantoms
  2 elf zombies (Ossuary)
  11 bullfrogs
  4 kobold brigands (D:11)
  4 scorpions
  4 wights (D:8)
  2 burial acolytes (Ossuary)
  6 killer bees (D:11)
  2 bombardier beetles
  4 howler monkeys
  2 gnoll boudas (D:9)
  A jelly (D:4)
  9 orc priests
  3 hounds
  2 iguanas
  8 orc wizards
  5 mummies (Ossuary)
  7 adders
  15 gnolls
  A shadow imp (D:6)
  2 white imps
  2 ufetubi (D:6)
  3 dart slugs
  3 ribbon worms
  54 orcs
  8 endoplasms
  8 giant cockroaches
  10 hobgoblins
  6 quokkas
  8 ball pythons
  6 bats
  2 frilled lizards (D:3)
  A gnoll zombie (Ossuary)
  15 goblins
  13 kobolds
  3 kobold zombies (Ossuary)
  2 orc zombies (Ossuary)
  9 rats
385 creatures vanquished.

Vanquished Creatures (collateral kills)
  A cane toad (Lair:2)
  A rime drake (Lair:3)
  A wolf (Lair:2)
3 creatures vanquished.

Grand Total: 388 creatures vanquished

Table legend: (Time is in decaauts)
 A = Elapsed time spent in this place.
 B = Non-inter-level travel time spent in this place.
 C = Inter-level travel time spent in this place.
 D = Time resting spent in this place.
 E = Time spent auto-exploring this place.
 F = Levels seen in this place.
 G = Mean time per level.
                   A        B        C        D        E       F      G
               +--------+--------+--------+--------+--------+-----+--------+
         Total |  13261 |  12710 |    551 |   1069 |   9164 |  18 |  736.7 |
       Dungeon |   9946 |   9497 |    449 |    763 |   6884 |  12 |  828.8 |
        Temple |     54 |     23 |     31 |      0 |     22 |   1 |   54.0 |
          Lair |   2917 |   2846 |     71 |    306 |   2025 |   4 |  729.2 |
       Ossuary |    342 |    342 |      0 |      0 |    233 |   1 |  342.0 |
               +--------+--------+--------+--------+--------+-----+--------+

Top non-repeatable levels by time:
     D:2: 1701 daAuts
  Lair:2: 1412 daAuts
    D:10: 1154 daAuts
     D:5: 1092 daAuts
  Lair:1: 1016 daAuts
     D:7: 822 daAuts
     D:4: 809 daAuts
     D:9: 782 daAuts
     D:8: 768 daAuts
     D:3: 737 daAuts
    D:11: 692 daAuts
     D:6: 672 daAuts
     D:1: 586 daAuts
  Lair:3: 488 daAuts
 Ossuary: 342 daAuts

Table legend:
 A = Non-vault XP
 B = Vault XP
 C = Vault XP percentage of total XP
 D = Non-vault monster count
 E = Vault monster count
 F = Vault count percentage of total count
                 A         B        C        D         E       F
            +---------+---------+-------+---------+---------+-------
      Total |   36438 |    7836 |  17.7 |     294 |      94 |  24.2
            +---------+---------+-------+---------+---------+-------
        D:1 |      30 |       0 |   0.0 |      19 |       0 |   0.0
        D:2 |      84 |      29 |  25.7 |      19 |      14 |  42.4
        D:3 |     217 |       2 |   0.9 |      20 |       1 |   4.8
        D:4 |     541 |      16 |   2.9 |      24 |       6 |  20.0
        D:5 |     552 |       0 |   0.0 |      10 |       0 |   0.0
        D:6 |     467 |     174 |  27.1 |      14 |       2 |  12.5
        D:7 |    1154 |       0 |   0.0 |      10 |       0 |   0.0
        D:8 |    1776 |    1493 |  45.7 |      23 |      10 |  30.3
        D:9 |    2216 |       0 |   0.0 |      24 |       0 |   0.0
       D:10 |    2434 |     679 |  21.8 |      18 |      35 |  66.0
       D:11 |    4440 |      55 |   1.2 |      37 |       1 |   2.6
       D:12 |     609 |       0 |   0.0 |       2 |       0 |   0.0
     Lair:1 |    4078 |    2759 |  40.4 |      17 |       8 |  32.0
     Lair:2 |    7193 |    2198 |  23.4 |      33 |       2 |   5.7
     Lair:3 |   10647 |       0 |   0.0 |      24 |       0 |   0.0
    Ossuary |       0 |     431 | 100.0 |       0 |      15 | 100.0
            +---------+---------+-------+---------+---------+-------
